 Dungeon Crawl Stone Soup version 0.29-a0-1019-g84f7d21838 (webtiles) character file.

Game seed: 10662883016347348324

27 bladeefan the Trooper (level 3, -2/33 HPs)
             Began as a Hill Orc Monk on Aug 10, 2022.
             Slain by a gnoll
             ... wielding a +0 halberd
              (5 damage)
             ... on level 2 of the Dungeon.
             The game lasted 00:02:40 (1507 turns).

bladeefan the Trooper (Hill Orc Monk)               Turns: 1507, Time: 00:02:41

Health: -2/33      AC:  8    Str: 15    XL:     3   Next: 10%
Magic:  3/3        EV:  7    Int: 10    God:
Gold:   37         SH:  5    Dex: 13    Spells: 2/2 levels left

rFire   . . .      SeeInvis .   a - +0 mace
rCold   . . .      Faith    .   (no shield)
rNeg    . . .      Spirit   .   n - +0 chain mail
rPois   .          Reflect  +   (no helmet)
rElec   .          Harm     .   (no cloak)
rCorr   .          Rampage  .   (no gloves)
Will    .....                   (no boots)
Stlth   ..........              f - amulet of reflection
HPRegen 0.11/turn               (no ring)
MPRegen 0.08/turn               (no ring)

@: no status effects
A: no striking features
a: no special abilities


You were on level 2 of the Dungeon.
You visited 1 branch of the dungeon, and saw 2 of its levels.

You collected 37 gold pieces.

Inventory:

Hand Weapons
 a - a +0 mace (weapon)
Armour
 n - a +0 chain mail (worn)
   (You found it on level 1 of the Dungeon)
Jewellery
 f - an amulet of reflection (around neck)
   (You found it on level 1 of the Dungeon)
Scrolls
 d - 3 scrolls of identify {unknown}
 g - a scroll of butterflies {unknown}
 i - a scroll of immolation {unknown}
 j - a scroll of fear {unknown}
 k - a scroll of magic mapping {unknown}
 m - a scroll of enchant weapon {unknown}
Potions
 b - a potion of brilliance {unknown}
 c - a potion of ambrosia
 e - a potion of haste {unknown}
 h - a potion of invisibility {unknown}
 l - a potion of lignification {unknown}
 o - 2 potions of flight {unknown}


   Skills:
 + Level 4.0 Fighting
 * Level 3.8 Maces & Flails
 + Level 2.6 Dodging
 + Level 1.9 Stealth


You had 2 spell levels left.
You didn't know any spells.
Your spell library contained the following spells:

 Spells                   Type           Power      Damage    Failure   Level
 Ensorcelled Hibernation  Hex/Ice        0%         N/A       100%        2
 Spider Form              Tmut/Pois      0%         N/A       100%        3
 Anguish                  Hex/Necr       0%         N/A       100%        4


Dungeon Overview and Level Annotations

Branches:
Dungeon (2/15)

Altars:

Shops:
D:1 ?==*

Annotations:
D:2 Jessica


Message History

You hear a shout!
You hear an angry hiss.
A gnoll comes into view. It is wielding a +0 halberd.
The goblin unwields a +0 sling.
The goblin wields a +0 dagger.
The goblin hits you but does no damage.
You hit the goblin. The goblin hits you but does no damage.
You closely miss the goblin. The goblin hits you but does no damage.
You hit the goblin.
An adder comes into view.
The goblin barely misses you.
You hit the goblin but do no damage. You block the goblin's attack.
You block the gnoll's attack.
You hit the goblin.
You kill the goblin!
A gnoll comes into view. It is wielding a +0 flail.
You block the gnoll's attack.
Your Fighting skill increases to level 4!
The gnoll hits you from afar with a +0 halberd.
Jessica the Apprentice Sorceress comes into view.
She is wielding a +0 dagger.
The adder attacks as you move away! The adder bites you.
You are poisoned.
The adder poisons you!
You feel sick.
You hit the adder.
You feel sick. The adder barely misses you. x2
You hit the adder.
You feel sick. The adder bites you but does no damage.
You closely miss the adder.
You feel sick. The adder bites you but does no damage.
The gnoll closely misses you.
The gnoll hits you from afar with a +0 halberd!
* * * LOW HITPOINT WARNING * * *
The adder barely misses you.
You feel sick.
You are no longer poisoned.
Okay, then.
Found 8 gold pieces.
The adder bites you.
* * * LOW HITPOINT WARNING * * *
You are poisoned.
The adder poisons you! The adder attacks as you move away!
You block the adder's attack.
You feel sick. The adder attacks as you move away!
The adder bites you but does no damage.
You feel sick. The adder attacks as you move away!
The adder bites you but does no damage.
You feel sick.
You feel sick. You block the adder's attack.
You feel sick.
You are no longer poisoned.
The adder attacks as you move away! The adder bites you but does no damage.
There is a stone staircase leading up here.
The adder bites you but does no damage.
The gnoll hits you from afar with a +0 halberd.
You die...

###.##.#........
#...........###.
#.#.##.###...#
####.#.##.# ...#
.....#.##.###...#
...................
#######.##g.^.#####.
#.##S)###.#.
#.##@.......
#$##.####.#. #.##.#
#.##.. #. #.. #.##
#.# #.#


You could see a gnoll and an adder.

Vanquished Creatures
  A worm (D:2)
  5 ball pythons (D:1)
  2 endoplasms (D:1)
  A giant cockroach (D:1)
  5 goblins
  A hobgoblin (D:2)
  4 bats (D:1)
  A frilled lizard (D:1)
  2 kobolds (D:1)
  A rat (D:1)
23 creatures vanquished.

Notes
Turn   | Place    | Note
-------+----------+-------------------------------------------
     0 | D:1      | bladeefan the Hill Orc Monk began the quest for the Orb.
     0 | D:1      | Reached XP level 1. HP: 19/19 MP: 1/1
   164 | D:1      | Found a faded altar of an unknown god.
   495 | D:1      | Reached XP level 2. HP: 25/27 MP: 2/2
   516 | D:1      | Found Zotudaps's Magic Scroll Shop.
   534 | D:1      | You fall into a shaft and drop 1 floor!
   929 | D:1      | Found Oniegg's General Store.
  1011 | D:1      | Found Hezovvok's Jewellery Emporium.
  1137 | D:1      | Found Abuesid's Jewellery Shoppe.
  1322 | D:2      | Reached XP level 3. HP: 17/33 MP: 3/3
  1487 | D:2      | Reached skill level 4 in Fighting
  1491 | D:2      | Noticed Jessica
  1507 | D:2      | Slain by a gnoll

Illustrated notes

Levels and vault maps discovered:
D:1:      minmay_arrival_cross, layout_loops_ring,
          chequers_ecumenical_altar_lobes, serial_shops,
          nicolae_shop_competitors_out_of_business, shop_fountains, shop,
          nicolae_shop_advertising_works [nicolae_subvault_shop_adworks],
          minmay_misc_feat_pillars, minmay_crystal_room, patterned_corridor
D:2:      layout_loops_ring, grunt_decor_fettered, uniq_jessica

Skill      XL: |  1  2  3 |
---------------+----------+-----
Fighting       | 4 |  4.0
Maces & Flails | |  3.8
Dodging        | |  2.6
Stealth        | |  1.9

Action                   || total
-------------------------++-------
Melee: Mace              ||    77
       Punch             ||     1
 Stab: Sleeping          ||     3
Armor: Robe              ||    17
       Chain mail        ||    20
Dodge: Dodged            ||    56
Block: Other             ||    26

Table legend: (Time is in decaauts)
 A = Elapsed time spent in this place.
 B = Non-inter-level travel time spent in this place.
 C = Inter-level travel time spent in this place.
 D = Time resting spent in this place.
 E = Time spent auto-exploring this place.
 F = Levels seen in this place.
 G = Mean time per level.
                   A        B        C        D        E       F      G
               +--------+--------+--------+--------+--------+-----+--------+
         Total |   1524 |   1480 |     44 |      0 |   1213 |   2 |  762.0 |
       Dungeon |   1524 |   1480 |     44 |      0 |   1213 |   2 |  762.0 |
               +--------+--------+--------+--------+--------+-----+--------+

Top non-repeatable levels by time:
     D:1: 1262 daAuts
     D:2: 261 daAuts
